 Dungeon Crawl Stone Soup version 0.30-a0-368-g86fb4627a9 (webtiles) character file.

Game seed: 16968374714673551297

11 flotson the Sneak (level 2, -4/24 HPs)
             Began as a Demonspawn Delver on Nov 20, 2022.
             Killed from afar by Ijyb (7 damage)
             ... with a puff of flame
             ... on level 2 of the Dungeon.
             The game lasted 00:02:41 (407 turns).

flotson the Sneak (Demonspawn Delver)                Turns: 407, Time: 00:02:41

Health: -4/24      AC: 13    Str: 12    XL:     2   Next: 13%
Magic:  2/2        EV:  5    Int: 11    God:
Gold:   29         SH:  0    Dex: 14    Spells: 1/1 levels left

rFire   . . .      SeeInvis .    a - +0 spear
rCold   . . .      Faith    .    (no shield)
rNeg    . . .      Spirit   .    d - +3 chain mail
rPois   .          Reflect  .    (no helmet)
rElec   .          Harm     .    (no cloak)
rCorr   .          Rampage  .    (no gloves)
Will    .....                    (no boots)
Stlth   ..........               (no amulet)
HPRegen 0.24/turn                (no ring)
MPRegen 0.08/turn                (no ring)

@: hasted, very quick
A: slimy green scales 1
a: no special abilities


You were on level 2 of the Dungeon.
You visited 1 branch of the dungeon, and saw 4 of its levels.

You collected 29 gold pieces.

Inventory:

Hand Weapons
 a - a +0 spear (weapon)
Armour
 d - a +3 chain mail (worn)
Wands
 f - a wand of roots (7)
 g - a wand of digging (3)
Scrolls
 c - a scroll of fog
 e - a scroll of identify {unknown}
 h - 4 scrolls of teleportation {unknown}
Potions
 b - a potion of lignification {unknown}
 i - a potion of invisibility {unknown}


   Skills:
 + Level 3.1 Fighting
 - Level 1.7 Polearms
 + Level 0.5 Armour
 + Level 2.0 Dodging
 - Level 4.5 Stealth
 + Level 0.7 Evocations


You had one spell level left.
You didn't know any spells.
Your spell library was empty.

Dungeon Overview and Level Annotations

Branches:
Dungeon (5/15)
 Temple: D:4-7

Altars:
Qazlal

Shops:
D:5 (?

Annotations:
D:2 Ijyb


Innate Abilities, Weirdness & Mutations

You are partially covered in slimy green scales. (AC +2)


Message History

f - a wand of roots (10) Ijyb hits you but does no damage.
Aiming: Fastroot
Press: ? - help, Shift-Dir - straight line The roots erupt in riotous growth!
Roots grab Ijyb.
The grasping roots constrict Ijyb.
You hear an angry hiss. x2; You hear a shout!
An endoplasm comes into view.
Aiming: Fastroot
Press: ? - help, Shift-Dir - straight line
Okay, then.
The grasping roots constrict Ijyb.
The endoplasm quivers.
Ijyb screams, "No!
No, no, no, no!"
Ijyb escapes!
Aiming: Fastroot
Press: ? - help, Shift-Dir - straight line The roots erupt in riotous growth!
Roots grab Ijyb.
Roots grab the giant cockroach.
The grasping roots constrict the giant cockroach.
The grasping roots constrict Ijyb.
You hear an angry hiss.
You hear a shout!
The giant cockroach waves its antennae.
The giant cockroach struggles to escape constriction.
Ijyb hits you with a +0 club.
* * * LOW HITPOINT WARNING * * *
The grasping roots constrict the giant cockroach.
You kill the giant cockroach!
The grasping roots constrict Ijyb.
The roots release their grip on Ijyb.
A kobold comes into view. It is wielding a +0 club.
Aiming: Fastroot
Press: ? - help, Shift-Dir - straight line, f - Ijyb
Aim: Ijyb, wielding a +0 club, wearing a +0 ring mail and carrying a wand of flame (20) (severely wounded)
The roots erupt in riotous growth!
Roots grab Ijyb.
The grasping roots constrict Ijyb.
You hear a shout! x2
Ijyb zaps a wand.
The puff of flame hits you!
You die...

.K# ........#
...#.......#
..#.......#
#.#.......# ~....
#.#.......# .~...
#!....>...# .~....
#....##..$
~.....###.@.......
......#..........$
.........g$......
###.............
##.>..........
#.......##...
#....##.J.###
##[.....#.#
.....###.#


You could see Ijyb (rooted), an endoplasm and a kobold.

Vanquished Creatures
  An orc (D:5)
  2 endoplasms
  2 giant cockroaches
  A goblin (D:3)
  A quokka (D:3)
  A ball python (D:3)
8 creatures vanquished.

Notes
Turn   | Place    | Note
-------+----------+-------------------------------------------
     0 | D:5      | flotson the Demonspawn Delver began the quest for the Orb.
     0 | D:5      | Reached XP level 1. HP: 18/18 MP: 1/1
    13 | D:5      | Found Apseigeh's Antique Weapon Shop.
    13 | D:5      | Noticed a black bear
    61 | D:5      | Found a stormy altar of Qazlal.
   116 | D:5      | Noticed an iguana
   269 | D:3      | Noticed an orc priest
   270 | D:3      | Noticed an orc wizard
   333 | D:3      | Gained mutation: You are partially covered in slimy green
                  | scales. (AC +2) [demonic ancestry]
   333 | D:3      | Reached XP level 2. HP: 23/24 MP: 2/2
   366 | D:3      | Noticed Ijyb
   407 | D:2      | Killed from afar by Ijyb

Illustrated notes

Levels and vault maps discovered:
D:2:      cheibrodos_helix_gallery, layout_rooms, uniq_terence
D:3:      layout_loops_corners, uniq_ijyb
D:4:      layout_loops_ring, minmay_pentomino_pile
D:5:      layout_basic, nzn_wu_jian_council_hall, mainiacjoe_overflow_24_doors,
          serial_shops, nicolae_shop_hallway_stairs, shop, shop,
          nicolae_shop_advertising_works [nicolae_subvault_shop_adworks],
          kennysheep_mini, grunt_ministairs_4, guppyfry_early_lair_pool

Skill      XL: |  1 |
---------------+----+-----
Dodging        | 2 |  2.0
Fighting       | |  3.1
Polearms       | |  1.7
Armour         | |  0.5
Stealth        | |  4.5
Evocations     | |  0.7

Action                   || total
-------------------------++-------
Melee: Spear             ||    59
Evoke: Wand              ||     3
  Use: Scroll            ||     2
       Potion            ||     1
 Stab: Sleeping          ||     3
Armor: Chain mail        ||    23
       Leather armour    ||     3
Dodge: Dodged            ||    15

Table legend: (Time is in decaauts)
 A = Elapsed time spent in this place.
 B = Non-inter-level travel time spent in this place.
 C = Inter-level travel time spent in this place.
 D = Time resting spent in this place.
 E = Time spent auto-exploring this place.
 F = Levels seen in this place.
 G = Mean time per level.
                   A        B        C        D        E       F      G
               +--------+--------+--------+--------+--------+-----+--------+
         Total |    395 |    374 |     21 |     12 |    144 |   4 |   98.8 |
       Dungeon |    395 |    374 |     21 |     12 |    144 |   4 |   98.8 |
               +--------+--------+--------+--------+--------+-----+--------+

Top non-repeatable levels by time:
     D:3: 174 daAuts
     D:5: 158 daAuts
     D:4: 37 daAuts
     D:2: 26 daAuts
